 Dungeon Crawl Stone Soup version 0.31-a0-640-g39d97e502b (webtiles) character file.

Game seed: 7545634295316526576

25 greenreed the Ruffian (level 3, -2/28 HPs)
             Began as a Djinni Shapeshifter on Aug 27, 2023.
             Killed from afar by Sigmund (6 damage)
             ... with a magic dart
             ... on level 2 of the Dungeon.
             The game lasted 00:01:19 (753 turns).

greenreed the Ruffian (Djinni Shapeshifter)          Turns: 753, Time: 00:01:19

Health: -2/28      AC:  6    Str: 15    XL:     3   Next: 20%
Gold:   53         EV: 10    Int: 11    God:
                   SH:  0    Dex: 12

rFire   + +          .
                       - Unarmed
rCold   x . .        (no shield)
rNeg    . . .        i - +0 scale mail
rPois   ∞            (helmet currently unavailable)
rElec   .            (cloak currently unavailable)
rCorr   .            (gloves currently unavailable)
SInv    .            (boots unavailable)
Will    .....        (no amulet) Stlth
                     (no ring)
HPRegen 0.24/turn    (no ring)
MPRegen 0.00/turn

%: infuse magic (-3 HP)
@: confused, beast-form, flying
A: beast (slay +1), flying, sickness immunity, fire resistance 2, cold
vulnerability 1, float, innate caster, HP casting, extra vitality 1
a: Begin Untransformation


You were on level 2 of the Dungeon.
You were a hulking beast.
You visited 1 branch of the dungeon, and saw 2 of its levels.

You collected 53 gold pieces.

Inventory:

Armour
 a - a +0 animal skin
 i - a +0 scale mail (worn)
Jewellery
 f - a ring of ice
Talismans
 c - a beast talisman (active)
 d - a flux talisman
Scrolls
 g - a scroll of noise {unknown}
 h - a scroll of enchant armour {unknown}
 j - 2 scrolls of identify {unknown}
 m - a scroll of immolation {unknown}
Potions
 b - a potion of lignification
 e - 2 potions of haste {unknown}
 k - a potion of resistance {unknown}
 l - a potion of ambrosia {unknown}


   Skills:
 * Level 1.8 Fighting
 + Level 2.5 Dodging
 * Level 3.4 Unarmed Combat
 + Level 2.8 Shapeshifting


You knew the following spells:

 Your Spells              Type           Power      Damage    Failure   Level
a - Foxfire               Conj/Fire      0%         2x1d4     83%         1
Your spell library was empty.

Dungeon Overview and Level Annotations

Branches:
Dungeon (2/15)

Altars:

Annotations:
D:2 Sigmund


Innate Abilities, Weirdness & Mutations

You are a hulking beast.
Your limbs bulge with bestial killing power. (Slay +1)
You are flying.
You are immune to sickness and miasma.
You are immune to poison.
Your flesh is very heat resistant. (rF++)
You are vulnerable to cold. (rC-)
You float through the air rather than walking.
You learn spells naturally, not from books.
Your magical power is your life essence.
You have superior vitality. (+4 MHP)


Message History

You hit something. You miss something.
You hear some strange, mumbled words.
You are confused.
You're too confused to move!
Something hits you.
You miss something. Something hits you but does no damage.
You completely miss something. You miss something.
Something hits you but does no damage.
You're too confused to move!
Something hits you!
You hit the plant.
The plant begins to die.
The plant is lightly damaged.
You barely miss something.
You feel less confused. Something hits you but does no damage.
You closely miss something. You punch something!
A nearby plant withers and dies.
Something hits you but does no damage.
You hit something.
You hear some strange, mumbled words.
A magic dart appears from out of thin air!
The magic dart hits you.
* * * LOW HITPOINT WARNING * * *
You closely miss something.
You hear some strange, mumbled words.
A puff of flame appears from out of thin air!
The puff of flame hits you. You resist.
* * * LOW HITPOINT WARNING * * *
You hear some strange, mumbled words.
Something tries to affect you, but you resist.
You are confused.
You bump into the rock wall.
Something hits you.
* * * LOW HITPOINT WARNING * * *
You hear some strange, mumbled words.
You are more confused.
You bump into the rock wall.
You bump into the rock wall.
You bump into the rock wall.
A magic dart appears from out of thin air!
The magic dart hits you.
You die...

#.P~~~# #~. #
#.†)~# ##.# .#
#...######.## #.#
##..........###..
~.!
####.######.#.#
~.P #.# ##.# ~~
#.# #{## .# # #.#
#.##. ###.##.##
#.#
#h##.##........
#.#
#...............#
##.#
#.##..<.........#
#..#
#.#####.##.......
#.## #.#
#.##....... #.#
#.# #.#........
#.# #.#
#.#.......# #.#
#.# #.#......##
#.##### #.#
#....:.....


There were no monsters in sight!

Vanquished Creatures
  2 dart slugs (D:1)
  2 endoplasms
  3 goblins
  5 hobgoblins (D:1)
  A quokka (D:1)
  2 ball pythons (D:1)
  2 kobolds (D:1)
  3 rats
20 creatures vanquished.

Notes
Turn   | Place    | Note
-------+----------+-------------------------------------------
     0 | D:1      | greenreed the Djinni Shapeshifter began the quest for the
                  | Orb.
     0 | D:1      | Reached XP level 1. HP: 17/17 MP: 0/0
   126 | D:1      | Reached XP level 2. HP: 13/22 MP: 0/0
   460 | D:1      | Reached XP level 3. HP: 28/28 MP: 0/0
   460 | D:1      | Learned a level 1 spell: Foxfire
   711 | D:2      | Noticed Sigmund
   753 | D:2      | Killed from afar by Sigmund

Illustrated notes

Levels and vault maps discovered:
D:1:      co_arrival_square_in_a_square_in_a_square, layout_rooms
D:2:      layout_loops_ring, serial_bayou, serial_bayou_lagoon_a,
          serial_bayou_lake_a, serial_bayou_pond_e, serial_bayou_pond_e,
          uniq_crazy_yiuf_cottage, uniq_sigmund

Action                     || total
---------------------------++-------
  Melee: Unarmed           ||    68
         Punch             ||     1
 Armour: Animal skin       ||     5
         Scale mail        ||     9
  Dodge: Dodged            ||    21

Table legend: (Time is in decaauts)
 A = Elapsed time spent in this place.
 B = Non-inter-level travel time spent in this place.
 C = Inter-level travel time spent in this place.
 D = Time resting spent in this place.
 E = Time spent auto-exploring this place.
 F = Levels seen in this place.
 G = Mean time per level.
                   A        B        C        D        E       F      G
               +--------+--------+--------+--------+--------+-----+--------+
         Total |    748 |    712 |     36 |      0 |    548 |   2 |  374.0 |
       Dungeon |    748 |    712 |     36 |      0 |    548 |   2 |  374.0 |
               +--------+--------+--------+--------+--------+-----+--------+

Top non-repeatable levels by time:
     D:1: 654 daAuts
     D:2: 94 daAuts
